 Dungeon Crawl Stone Soup version 0.31-a0-354-g827e095 (webtiles) character file.

Game seed: 7621304258570330242

7 Dawnplanks the Trooper (level 2, -1/27 HPs)
             Began as a Hill Orc Fighter on July 23, 2023.
             Slain by a kobold
             ... wielding a +0 club
              (3 damage)
             ... on level 1 of the Dungeon.
             The game lasted 00:00:47 (483 turns).

Dawnplanks the Trooper (Hill Orc Fighter)            Turns: 483, Time: 00:00:48

Health: -1/27      AC:  6    Str: 18    XL:     2   Next: 0%
Magic:  2/2        EV:  9    Int:  8    God:
Gold:   45         SH:  4    Dex: 10    Spells: 1/1 levels left

rFire   . . .        a - +0 war axe
rCold   . . .        c - +0 buckler
rNeg    . . .        b - +0 scale mail
rPois   .            (no helmet)
rElec   .            (no cloak)
rCorr   .            (no gloves)
SInv    .            (no boots)
Will    .....        (no amulet) Stlth
                     (no ring)
HPRegen 0.24/turn    (no ring)
MPRegen 0.08/turn

%: no passive effects
@: no status effects
A: no striking features
a: no special abilities


You were on level 1 of the Dungeon.
You visited 1 branch of the dungeon, and saw 1 of its levels.

You collected 45 gold pieces.

Inventory:

Hand Weapons
 a - a +0 war axe (weapon)
Armour
 b - a +0 scale mail (worn)
 c - a +0 buckler (worn)
Scrolls
 g - 2 scrolls of vulnerability {unknown}
Potions
 d - a potion of might
 e - a potion of heal wounds {unknown}
 f - a potion of invisibility {unknown}


   Skills:
 + Level 3.8 Fighting
 + Level 3.0 Axes
 + Level 3.4 Armour
 + Level 3.3 Shields


You had one spell level left.
You didn't know any spells.
Your spell library was empty.

Dungeon Overview and Level Annotations

Branches:
Dungeon (1/15)

Altars:


Message History

The jackal bites you but does no damage.
You miss the frilled lizard. You closely miss the jackal.
You barely miss the goblin.
The endoplasm quivers.
The jackal bites you but does no damage.
The goblin hits you with a +0 whip.
* * * LOW HITPOINT WARNING * * *
The frilled lizard bites you but does no damage.
The jackal barely misses you.
You hit the frilled lizard but do no damage.
You barely miss the goblin. You hit the jackal.
You kill the jackal!
The goblin hits you with a +0 whip.
* * * LOW HITPOINT WARNING * * *
The frilled lizard bites you.
* * * LOW HITPOINT WARNING * * *
Your Axes skill increases to level 3!
You slash the frilled lizard!
You kill the frilled lizard!
You barely miss the goblin. The goblin hits you but does no damage.
A kobold comes into view. It is wielding a +0 club.
The goblin closely misses you.
You hit the rat.
You kill the rat!
You closely miss the goblin. The goblin barely misses you.
You have reached level 2!
You closely miss the goblin. The goblin barely misses you.
You block the endoplasm's attack. The goblin hits you but does no damage.
You hit the endoplasm.
The endoplasm is moderately wounded.
You closely miss the goblin. The goblin barely misses you.
The endoplasm freezes you.
You are frozen.
* * * LOW HITPOINT WARNING * * *
You hit the endoplasm.
You kill the endoplasm!
You barely miss the goblin. The goblin hits you with a +0 whip.
* * * LOW HITPOINT WARNING * * *
The kobold hits you with a +0 club.
You die...

..).....!####...<...####
...........##.......##..
...........###.....###..
#.........# ###'### #..
.!......# ##.## ##.
#.....# ###...### #.
#....####.......####
#.##...##...........##
#....@#....#.###......
####.Kg....#.# #......
#...######.# #.#####
#..... ..# #.# #......
### #.. #........ .## ##
+.)...... . ..
#......... #


You could see a goblin and a kobold.

Vanquished Creatures
  An endoplasm (D:1)
  2 jackals (D:1)
  A ball python (D:1)
  A frilled lizard (D:1)
  A goblin (D:1)
  3 rats (D:1)
9 creatures vanquished.

Notes
Turn   | Place    | Note
-------+----------+-------------------------------------------
     0 | D:1      | Dawnplanks the Hill Orc Fighter began the quest for the
                  | Orb.
     0 | D:1      | Reached XP level 1. HP: 19/19 MP: 1/1
   481 | D:1      | Reached XP level 2. HP: 3/27 MP: 2/2
   483 | D:1      | Slain by a kobold

Illustrated notes

Levels and vault maps discovered:
D:1:      onia_arrival_pentagram, layout_loops_corners, minmay_hexomino_c4

Skill      XL: |  1 |
---------------+----+-----
Axes           | 3 |  3.0
Fighting       | |  3.8
Armour         | |  3.4
Shields        | |  3.3

Action                     || total
---------------------------++-------
  Melee: War axe           ||    27
 Armour: Scale mail        ||    17
  Dodge: Dodged            ||    25
  Block: Buckler           ||     6

Table legend: (Time is in decaauts)
 A = Elapsed time spent in this place.
 B = Non-inter-level travel time spent in this place.
 C = Inter-level travel time spent in this place.
 D = Time resting spent in this place.
 E = Time spent auto-exploring this place.
 F = Levels seen in this place.
 G = Mean time per level.
                   A        B        C        D        E       F      G
               +--------+--------+--------+--------+--------+-----+--------+
         Total |    493 |    493 |      0 |      0 |    431 |   1 |  493.0 |
       Dungeon |    493 |    493 |      0 |      0 |    431 |   1 |  493.0 |
               +--------+--------+--------+--------+--------+-----+--------+

Top non-repeatable levels by time:
     D:1: 493 daAuts
